 Dungeon Crawl Stone Soup version 0.27.1-34-g3ba077fa99 (webtiles) character file.

Game seed: 17559121306239287715

198 cbfl8 the Sneak (level 5, -5/47 HPs)
             Began as a Minotaur Delver on Jan 16, 2022.
             Slain by a sky beast (6 damage)
             ... on level 4 of the Dungeon.
             The game lasted 00:06:46 (3440 turns).

cbfl8 the Sneak (Minotaur Delver)                   Turns: 3440, Time: 00:06:47

Health: -5/47      AC:  6    Str: 16    XL:     5   Next: 47%
Magic:  4/4        EV: 10    Int: 14    God:
Gold:   150        SH:  0    Dex: 12    Spells: 4/4 levels left

rFire    . . .     SeeInvis .   i - +1 dagger (freeze)
rCold    . . .     Faith    .   (no shield)
rNeg     . . .     Spirit   .   s - +0 scale mail
rPois    .         Reflect  .   (helmet restricted)
rElec    .         Harm     .   (no cloak)
rCorr    .         Rampage  .   (no gloves)
Will     .....                  (no boots)
Stlth    +.........             (no amulet)
HPRegen  0.15/turn              j - +6 ring of intelligence
MPRegen  0.09/turn              q - ring of wizardry

@: no status effects
A: horns 2, retaliatory headbutt
a: no special abilities


You were on level 4 of the Dungeon.
You visited 1 branch of the dungeon, and saw 5 of its levels.

You collected 150 gold pieces.

Inventory:

Hand Weapons
 a - a +0 hand axe
 i - a +1 dagger of freezing (weapon)
 k - a +1 whip of electrocution
Missiles
 n - 7 silver boomerangs (quivered)
Armour
 b - a +0 leather armour
 s - a +0 scale mail (worn)
Magical Staves
 v - a staff of cold
Jewellery
 j - a +6 ring of intelligence (left hand)
 q - a ring of wizardry (right hand)
 u - a ring of fire
Wands
 g - a wand of digging (3)
Scrolls
 d - 2 scrolls of magic mapping
 e - a scroll of fear
 h - a scroll of teleportation {unknown}
 m - a scroll of torment {unknown}
 p - a scroll of enchant armour {unknown}
 r - 2 scrolls of identify {unknown}
 t - a scroll of immolation {unknown}
 w - a scroll of enchant weapon {unknown}
 x - a scroll of holy word {unknown}
Potions
 f - a potion of haste
 l - a potion of invisibility {unknown}


   Skills:
 + Level 4.5 Fighting
 + Level 2.0 Short Blades
 + Level 3.1 Axes
 + Level 2.5 Armour
 + Level 2.7 Dodging
 + Level 4.9 Stealth


You had 4 spell levels left.
You didn't know any spells.
Your spell library was empty.

Dungeon Overview and Level Annotations

Branches:
Dungeon (5/15)
 Temple: D:4-7

Altars:
Ashenzari
Sif Muna


Innate Abilities, Weirdness & Mutations

You have a pair of horns on your head.
You reflexively headbutt those who attack you in melee.


Message History

* * * LOW HITPOINT WARNING * * *
The sky beast shocks you.
* * * LOW HITPOINT WARNING * * *
Unknown command.
You hit the sky beast but do no damage.
The sky beast is almost dead.
The sky beast barely misses you.
It was a potion of heal wounds.
You feel much better. The sky beast barely misses you.
You feel much better. The sky beast hits you. The sky beast shocks you.
You hit the sky beast. You freeze the sky beast.
The sky beast is almost dead.
The sky beast flickers out of sight!
Deactivating autopickup; reactivate with Ctrl-A.
Something hits you. Something shocks you.
You hit something but do no damage. Something hits you but does no damage.
You hit something but do no damage. Something hits you but does no damage.
You hit something but do no damage. Something hits you but does no damage.
You closely miss something. Your headbutt misses something. Something hits you.
Something shocks you.
Unknown command.
You completely miss something. Something hits you. Something shocks you.
Unknown command.
You closely miss something. Something hits you but does no damage.
Unknown command.
You hit something but do no damage. You miss something. Something hits you.
Something shocks you.
* * * LOW HITPOINT WARNING * * *
Unknown command.
You closely miss something. Your headbutt misses something. Something hits you.
* * * LOW HITPOINT WARNING * * *
Something shocks you.
* * * LOW HITPOINT WARNING * * *
You miss something. Something completely misses you.
As you read the scroll of fog, it crumbles to dust.
The scroll dissolves into smoke.
Something hits you but does no damage.
You barely miss something. Something hits you.
* * * LOW HITPOINT WARNING * * *
Something shocks you.
You die...

#######
##.....##
##.......##
#.........#
#.§{§.....#
#.§@§§....#
.####.§§§§....#
.......§§§....#
..............#
..............#
..............#
..............#
..............#
...$.........##


There were no monsters in sight!

Vanquished Creatures
  A necrophage (D:3)
  A jelly (D:4)
  A worm (D:2)
  2 dart slugs
  2 orcs
  12 ball pythons
  10 endoplasms
  3 giant cockroaches (D:2)
  6 goblins
  10 hobgoblins
  2 jackals (D:4)
  2 quokkas (D:1)
  4 bats
  4 frilled lizards
  3 kobolds
  4 rats
67 creatures vanquished.

Vanquished Creatures (others)
  A fungus (D:3)
  A plant (D:3)
2 creatures vanquished.

Grand Total: 69 creatures vanquished

Notes
Turn   | Place    | Note
-------+----------+-------------------------------------------
     0 | D:5      | cbfl8 the Minotaur Delver began the quest for the Orb.
     0 | D:5      | Reached XP level 1. HP: 19/19 MP: 0/0
   277 | D:2      | Reached XP level 2. HP: 24/27 MP: 1/1
   904 | D:1      | Reached XP level 3. HP: 27/33 MP: 2/2
  1331 | D:1      | Reached skill level 1 in Armour
  2165 | D:2      | Reached XP level 4. HP: 40/40 MP: 3/3
  2608 | D:3      | Noticed a necrophage
  2625 | D:3      | Killed a necrophage
  2626 | D:3      | Reached skill level 1 in Short Blades
  2626 | D:3      | Reached XP level 5. HP: 39/47 MP: 4/4
  2851 | D:3      | Found a broken altar of Ashenzari.
  2855 | D:3      | Saw a vision of the Swamp and the Spider Nest.
  2855 | D:3      | Noticed a hornet
  2855 | D:3      | Noticed a will-o-the-wisp
  2855 | D:3      | Noticed a redback
  2855 | D:3      | Noticed a goliath frog
  2855 | D:3      | Noticed a swamp drake
  2856 | D:3      | Noticed a hornet
  2856 | D:3      | Noticed a wolf spider
  2857 | D:3      | Noticed a redback
  2857 | D:3      | Noticed a redback
  2858 | D:3      | Noticed a will-o-the-wisp
  3061 | D:3      | Found a shimmering blue altar of Sif Muna.
  3413 | D:4      | Noticed a sky beast
  3424 | D:4      | HP: 2/47 [sky beast (6)]
  3440 | D:4      | HP: 1/47 [something (3)]
  3440 | D:4      | Slain by a sky beast

Illustrated notes

Levels and vault maps discovered:
D:1:      lemuel_arrival_river_bridge, layout_loops_ring
D:2:      minmay_chambers_of_ones, layout_rooms
D:3:      layout_basic, grunt_ashenzari_visionary
          [grunt_ashenzari_visionary_swamp, grunt_ashenzari_visionary_spider],
          lemuel_blue_sif_altar, hex_intersection
D:4:      layout_rooms
D:5:      layout_loops_ring, nicolae_elyvilon_peaceful_grove,
          grunt_temple_overflow_order_and_chaos_2,
          minmay_temple_entry_crystal_x, serial_bayou_pond_d, uniq_ijyb

Skill      XL: |  1  2  3  4  5 |
---------------+----------------+-----
Fighting       | 4 |  4.5
Armour         | 1 2 |  2.5
Axes           | 3 |  3.1
Short Blades   | 1 2 |  2.0
Dodging        | |  2.7
Stealth        | |  4.9

Action                   |  1- 3 |  4- 6 || total
-------------------------+-------+-------++-------
Melee: Hand axe          |    38 |       ||    38
       Headbutt          |    17 |    10 ||    27
       Dagger            |    48 |    55 ||   103
  Use: Potion            |       |     2 ||     2
       Scroll            |       |     1 ||     1
 Stab: Sleeping          |     8 |     1 ||     9
Armor: Leather armour    |    17 |       ||    17
       Scale mail        |     7 |    16 ||    23
Dodge: Dodged            |    58 |    23 ||    81
